 Dungeon Crawl Stone Soup version 0.19-a0-1740-g0bcaf2e (webtiles) character file.

58 4thArraOfDagon the Ruffian (level 3, -2/36 HPs)
             Began as a Troll Monk on Oct 2, 2016.
             Killed by divine providence
             ... invoked by an orc priest
              (14 damage)
             ... on level 5 of the Dungeon.
             The game lasted 00:01:49 (366 turns).

4thArraOfDagon the Ruffian (Troll Monk)              Turns: 366, Time: 00:01:50

Health: -2/36      AC:  5    Str: 19    XL:     3   Next: 76%
Magic:  2/2        EV: 10    Int:  7    God:
Gold:   54         SH:  0    Dex: 12    Spells: 0 memorised, 2 levels left

rFire  . . .     SeeInvis .       - Unarmed
rCold  . . .     Gourm    +     a - +0 robe
rNeg   . . .     Faith    .     (no shield)
rPois  .         Spirit   .     (helmet restricted)
rElec  .         Dismiss  .     (no cloak)
rCorr  .         Reflect  .     (gloves unavailable)
MR     .....     Harm     .     (boots unavailable)
Stlth  +.........               (no amulet)
                                (no ring)
                                (no ring)

@: no status effects
A: unfitting armour, claws 3, fast metabolism 3, gourmand, regeneration 1,
shaggy fur 1, tough skin 2
a: no special abilities


You were on level 5 of the Dungeon.
You were not hungry.

You visited 1 branch of the dungeon, and saw 5 of its levels.

You collected 54 gold pieces.

Inventory:

Armour
 a - a +0 robe (worn)
Potions
 c - a potion of heal wounds {unknown}
 d - a potion of might {unknown}
 e - a potion of flight {unknown}
 f - a potion of cancellation {unknown}
 g - a potion of agility {unknown}
 h - a potion of cure mutation {unknown}
Comestibles
 b - 2 bread rations
 j - 3 fruits


   Skills:
 - Level 2.4 Fighting
 - Level 2.4 Dodging
 - Level 1.1 Stealth
 * Level 4.7 Unarmed Combat


You had 2 spell levels left.
You didn't know any spells.

Dungeon Overview and Level Annotations

Branches:
Dungeon (5/15)
 Temple: D:4-7

Altars:
Hepliaklqana
Zin

Shops:
D:4 :


Innate Abilities, Weirdness & Mutations

You are too large for most types of armour.
You have claws for hands.
Your metabolism is lightning-fast.
You like to eat raw meat.
Your natural rate of healing is unusually fast.
You are covered in fur. (AC +1)
You have very tough skin. (AC +2)


Message History

An orc priest comes into view. It is wielding a club.
The orc priest shouts!
You scratch the adder skeleton.
The adder skeleton is severely damaged.
The adder skeleton bites you but does no damage.
The orc priest calls down the wrath of Beogh upon you.
Beogh smites you!
Unknown command.
You scratch the adder skeleton.
The adder skeleton is almost destroyed.
The adder skeleton barely misses you.
The orc priest calls down the wrath of Beogh upon you.
Beogh smites you!
Unknown command.
You scratch the adder skeleton.
You destroy the adder skeleton!
An adder comes into view.
The orc priest invokes the aid of Beogh against you.
Beogh smites you!
You die...

#.S##########
..o..o..@...#
#....#####.##
### #.# #.# #.#
..# #.#
#######..#
#.####........#
#....'........#
######........#


You could see 2 orc priests and an adder (wandering).

Vanquished Creatures
  Jessica (D:3)
  An adder (D:5)
  An adder skeleton (D:5)
  A worm (D:4)
  3 orcs (D:3)
  2 bats (D:1)
  A goblin (D:3)
  2 hobgoblins
  2 jackals (D:3)
  2 frilled lizards (D:1)
16 creatures vanquished.

Notes
Turn   | Place    | Note
-------+----------+-------------------------------------------
     0 | D:1      | 4thArraOfDagon the Troll Monk began the quest for the Orb.
     0 | D:1      | Reached XP level 1. HP: 22/22 MP: 0/0
   122 | D:3      | Found a hazy altar of Hepliaklqana.
   148 | D:3      | Noticed Jessica
   166 | D:3      | Killed Jessica
   166 | D:3      | Reached skill level 4 in Unarmed Combat
   166 | D:3      | Reached XP level 2. HP: 27/29 MP: 1/1
   166 | D:3      | Reached XP level 3. HP: 34/36 MP: 2/2
   216 | D:4      | Found Deecel's Book Shoppe.
   259 | D:3      | Found a glowing silver altar of Zin.
   283 | D:5      | Entered Level 5 of the Dungeon
   366 | D:5      | Killed from afar by an orc priest

Vault maps used:
D:1:      lightli_arrival_statue_moat, minivault_14, minmay_tree_intersection,
          minmay_box_of_dots
D:3:      old_standard_altar, nicolae_overflow_hidden_temple, uniq_jessica
D:4:      yredelemnul_forgotten_temple_becter, serial_shops,
          nicolae_shop_waterfront, first_bread
D:5:      gup_sewer_entry_glass, hex_medium, lemuel_another_geyser

Skill      XL: |  1 |
---------------+----+-----
Unarmed Combat | 4 |  4.7
Fighting       | |  2.4
Dodging        | |  2.4
Stealth        | |  1.1

Action                   || total
-------------------------++-------
Melee: Unarmed           ||    52
  Use: Scroll            ||     5
 Stab: Sleeping          ||     1
  Eat: Chunk             ||     4
Armor: Robe              ||    15
Dodge: Dodged            ||    22
